Map: Emerald City LE

Players

Massa

  • Race: Terran Terran
  • League: Platinum
  • Spawn Location: 11:00

qqq

  • Race: Protoss Protoss
  • Spawn Location: 11:00

stroyer - Winner!

  • Race: Terran Terran
  • League: Platinum
  • Spawn Location: 5:00

TheGrappler - Winner!

  • Race: Protoss Protoss
  • League: Platinum
  • Spawn Location: 5:00

VOD

Have the link to the VOD?

Description

Time

  • Played on: Nov. 4, 2020, 3:44 p.m.
  • Length: 7:57
Show
View Real Time Build Order
Export as new Build Order

Massa Terran 

Build Orders: Reaper Expand 

Get SALT Encoding   

  12  0:00  SCV  
  13  0:12  SCV  
  14  0:20  Supply Depot  
  14  0:24  SCV  
  15  0:41  SCV  
  16  0:44  Barracks  
  16  0:52  Refinery  
  16  0:54  SCV  
  17  1:06  SCV  
  18  1:19  SCV  
  19  1:32  Orbital Command  
  19  1:36  Command Center  
  19  1:40  Reaper  
  20  1:57  SCV  
  21  2:10  SCV  
  21  2:12  Marine  
  23  2:20  Factory  
  23  2:36  Barracks Reactor  
  23  2:46  Supply Depot  
  23  2:48  SCV  
  23  2:49  Command Center  
  24  2:52  Supply Depot  
  24  2:55  Supply Depot  
  26  2:58  Orbital Command  
  24  3:00  SCV  
  24  3:04  Hellion  
  27  3:12  SCV  
  28  3:17  Marine x2  
  30  3:24  SCV  
  30  3:25  Hellion  
  33  3:29  SCV  
  34  3:35  Marine x2  
  34  3:36  SCV  
  37  3:41  Refinery, SCV  
  38  3:48  SCV  
  38  3:50  Engineering Bay  
  38  3:54  SCV  
  38  3:55  Marine x2  
  41  3:56  Factory Tech Lab  
  42  4:08  Orbital Command  
  42  4:12  SCV x2  
  44  4:24  SCV  
  44  4:25  SCV  
  44  4:28  Supply Depot  
  46  4:35  SCV  
  46  4:37  SCV x2  
  49  4:40  Starport  
  49  4:47  SCV, Missile Turret  
  49  4:49  SCV x2  
  52  4:58  Barracks  
  52  4:59  SCV  
  53  5:01  Barracks  
  53  5:03  Refinery  
  53  5:05  Refinery, Cyclone  
  54  5:18  Marine  
  54  5:19  Marine  
  57  5:28  SCV x3  
  59  5:36  Marine x2  
  59  5:40  SCV x3  
  63  5:47  Medivac  
  65  5:50  Siege Tank  
  65  5:52  Barracks Tech Lab x2  
  65  5:54  Marine x2  
  70  5:59  SCV x2  
  72  6:06  Missile Turret  
  72  6:08  Orbital Command  
  72  6:11  SCV x2, Missile Turret  
  72  6:12  Marine x2, Missile Turret  
  76  6:23  SCV x2  
  78  6:27  Barracks  
  78  6:28  Barracks  
  78  6:29  Armory  
  78  6:44  Marine x2  
  72  6:48  Cyclone  
  75  6:56  Missile Turret  
  75  7:02  Marine  
  76  7:17  Barracks Reactor x2  
  76  7:18  Marine  
  76  7:19  Marine x2  
  76  7:20  Cyclone, Marine  
  83  7:36  Marine x2  
  85  7:50  Supply Depot x2  
  85  7:51  Supply Depot x2  
Show
View Real Time Build Order
Export as new Build Order

qqq Protoss 

Build Orders:  

Get SALT Encoding   

  12  0:01  Probe  
  13  0:13  Probe  
  14  0:18  Pylon  
  14  0:25  Probe  
  15  0:41  Gateway  
  15  0:43  Probe  
  16  0:56  Probe  
  17  0:58  Assimilator  
  17  1:05  Pylon  
  17  1:08  Probe  
  18  1:22  Probe  
  19  1:32  Cybernetics Core  
  19  1:34  Probe  
  20  1:46  Probe  
  21  1:58  Probe  
  21  2:00  Nexus  
  21  2:10  Probe  
  22  2:15  Twilight Council  
  22  2:20  Pylon  
  22  2:26  Zealot  
  24  2:32  Probe (Chrono Boost)  
  25  2:43  Probe (Chrono Boost)  
  26  2:47  Probe (Chrono Boost)  
  27  2:53  Gateway  
  27  2:58  Probe  
  28  3:01  Zealot  
  28  3:03  Charge  
  30  3:10  Probe  
  31  3:22  Probe  
  32  3:30  Zealot  
  34  3:35  Probe (Chrono Boost)  
  34  3:39  Probe (Chrono Boost)  
  36  3:45  Probe (Chrono Boost)  
  38  3:48  Probe (Chrono Boost)  
  38  3:50  Probe (Chrono Boost)  
  39  3:57  Zealot  
  39  3:58  Forge  
  39  3:59  Probe, Gateway  
  39  4:01  Probe  
  43  4:11  Probe  
  43  4:12  Zealot  
  43  4:13  Probe  
  43  4:14  Robotics Facility  
  47  4:23  Probe  
  48  4:24  Sentry  
  50  4:32  Nexus  
  52  4:50  Stalker x2  
  52  4:53  Pylon  
  52  5:02  Pylon  
  52  5:03  Pylon  
  52  5:33  Probe x2  
  54  5:39  Assimilator  
  54  5:45  Probe  
  54  5:46  Probe  
  54  5:47  Stalker  
  54  5:48  Zealot  
  54  5:49  Zealot  
  62  5:54  Assimilator  
  62  5:57  Probe x2  
  62  5:58  Probe  
  62  5:59  Assimilator  
  65  6:09  Probe  
  65  6:10  Probe x2  
  68  6:15  Zealot  
  70  6:18  Nexus  
  70  6:21  Probe  
  70  6:22  Probe x2  
  72  6:28  Stalker x2  
  71  6:33  Probe  
  71  6:34  Probe x2  
  62  6:42  Stargate  
  62  6:45  Probe  
  62  6:46  Probe  
  64  6:47  Photon Cannon  
  64  6:55  Assimilator  
  64  6:58  Probe x2, Assimilator  
  64  7:00  Pylon  
  66  7:05  Stalker  
  65  7:10  Probe  
  65  7:13  Stargate  
Show
View Real Time Build Order
Export as new Build Order

stroyer Terran - Winner!

Build Orders:  

Get SALT Encoding   

  12  0:03  SCV  
  13  0:18  SCV  
  14  0:22  Supply Depot  
  14  0:30  SCV  
  14  0:31  Refinery  
  15  0:48  Barracks  
  15  0:50  SCV  
  16  1:02  SCV  
  17  1:11  Supply Depot  
  17  1:14  SCV  
  18  1:26  SCV  
  18  1:30  Refinery  
  19  1:37  Barracks  
  19  1:38  SCV, Marine  
  21  1:53  SCV  
  22  2:06  SCV  
  22  2:07  Marine  
  24  2:23  Command Center  
  24  2:27  Marine  
  24  2:36  Orbital Command  
  24  2:47  Factory  
  24  2:51  Barracks Tech Lab  
  24  2:59  Barracks Reactor  
  24  3:09  Supply Depot  
  24  3:12  Engineering Bay  
  24  3:17  Marauder  
  26  3:33  Starport  
  26  3:35  Factory Tech Lab  
  26  3:38  SCV, Marine  
  26  3:40  SCV  
  29  3:50  SCV  
  29  3:52  SCV  
  29  3:53  Marine  
  32  3:56  Marauder  
  32  4:02  Siege Tank  
  37  4:05  Marine  
  38  4:11  Marine, Missile Turret  
  39  4:18  Missile Turret  
  39  4:25  Orbital Command  
  39  4:30  Stimpack  
  39  4:35  Medivac  
  41  4:39  SCV  
  42  4:52  SCV  
  43  4:53  Marine x2  
  43  4:54  Marauder  
  43  4:57  Siege Tank  
  50  5:04  SCV  
  51  5:15  Marine x3  
  51  5:21  Refinery  
  54  5:23  Refinery  
  53  5:46  Medivac  
  53  5:49  Marine x3  
  50  5:50  SCV x2  
  51  6:00  Barracks  
  51  6:01  Barracks, Terran Infantry Weapons Level 1  
  51  6:02  SCV  
  52  6:05  SCV  
  52  6:06  Marine  
  52  6:09  Supply Depot  
  52  6:10  Supply Depot, Combat Shield  
  54  6:14  SCV  
  55  6:27  Medivac  
  53  6:42  Command Center  
  53  6:45  Siege Tank  
  53  6:46  Marine  
  57  6:51  SCV  
  57  6:53  Barracks Reactor  
  58  6:58  Medivac  
  60  7:08  Marine  
  60  7:09  Marine  
  60  7:15  Marine  
  62  7:19  SCV  
  62  7:20  Bunker  
  61  7:49  Bunker  
Show
View Real Time Build Order
Export as new Build Order

TheGrappler Protoss - Winner!

Build Orders:  

Get SALT Encoding   

  12  0:01  Probe  
  13  0:13  Probe  
  14  0:24  Pylon  
  14  0:25  Probe  
  15  0:43  Probe  
  15  0:44  Gateway  
  16  0:52  Forge  
  16  0:55  Probe  
  17  1:08  Assimilator  
  17  1:09  Probe (Chrono Boost)  
  17  1:10  Assimilator  
  19  1:20  Probe (Chrono Boost)  
  19  1:33  Probe (Chrono Boost)  
  19  1:34  Cybernetics Core  
  20  1:43  Probe (Chrono Boost)  
  21  1:47  Pylon  
  21  1:48  Probe (Chrono Boost)  
  22  1:59  Probe  
  23  2:11  Probe  
  24  2:16  Nexus  
  24  2:19  Stalker (Chrono Boost)  
  26  2:29  Probe  
  27  2:40  Stargate  
  27  2:41  Probe  
  28  2:45  Assimilator  
  28  2:53  Probe  
  28  2:58  Photon Cannon  
  29  3:06  Probe  
  29  3:07  Pylon  
  30  3:18  Probe  
  30  3:19  Void Ray (Chrono Boost)  
  35  3:32  Probe  
  35  3:33  Shield Battery  
  36  3:36  Probe  
  37  3:45  Probe  
  39  3:48  Probe  
  39  3:57  Probe  
  39  3:58  Photon Cannon  
  39  4:00  Void Ray (Chrono Boost)  
  40  4:07  Pylon  
  44  4:23  Stargate  
  44  4:24  Protoss Air Weapons Level 1 (Chrono Boost)  
  44  4:28  Probe  
  44  4:29  Probe  
  44  4:31  Void Ray (Chrono Boost)  
  50  4:41  Probe  
  51  5:03  Probe x2  
  51  5:05  Void Ray (Chrono Boost)  
  57  5:15  Probe x2  
  57  5:20  Void Ray (Chrono Boost)  
  59  5:27  Probe x2  
  61  5:39  Probe  
  62  5:49  Assimilator  
  62  5:59  Pylon  
  62  6:01  Pylon  
  62  6:04  Pylon  
  62  6:06  Pylon  
  62  6:09  Pylon, Fleet Beacon  
  62  6:10  Pylon  
  62  6:11  Void Ray x2  
  70  6:19  Probe x2  
  72  6:26  Cybernetics Core  
  72  6:31  Probe  
  79  7:10  Probe  
  79  7:11  Probe  
  87  7:23  Probe x2  
  89  7:45  Nexus  
  89  7:47  Assimilator  
  89  7:52  Assimilator  
  89  7:56  Pylon  
Tags
 
Add a new tag
Caveats
  • Supply blocks, unpowered buildings, or Contaminate may cause inaccurate times.
  • Supply counts are checked every 10 seconds.